 Dungeon Crawl Stone Soup version 0.28-a0-1143-gcf6077d4cc (webtiles) character file.

Game seed: 11327814171983274284

174 leviel the Skirmisher (level 5, 0/47 HPs)
             Began as a Hill Orc Fighter on Dec 14, 2021.
             Slain by Blork the orc (13 damage)
             ... on level 4 of the Dungeon.
             The game lasted 00:02:32 (2961 turns).

leviel the Skirmisher (Hill Orc Fighter)            Turns: 2961, Time: 00:02:33

Health: 0/47       AC:  7    Str: 21    XL:     5   Next: 54%
Magic:  5/5        EV:  9    Int: 10    God:
Gold:   147        SH:  5    Dex: 12    Spells: 4/4 levels left

rFire   . . .      SeeInvis .   a - +1 war axe
rCold   + . .      Faith    .   c - +0 buckler
rNeg    . . .      Spirit   .   b - +0 scale mail
rPois   .          Reflect  .   (no helmet)
rElec   .          Harm     .   (no cloak)
rCorr   .          Rampage  .   (no gloves)
Will    .....                   (no boots)
Stlth   ..........              (no amulet)
HPRegen 0.15/turn               (no ring)
MPRegen 0.09/turn               (no ring)

@: no status effects
A: agile 1, clever 1, cold resistance 1, MP-powered wands
a: no special abilities


You were on level 4 of the Dungeon.
You visited 1 branch of the dungeon, and saw 4 of its levels.

You collected 147 gold pieces.

Inventory:

Hand Weapons
 a - a +1 war axe (weapon)
Missiles
 i - 7 poisoned darts (quivered)
Armour
 b - a +0 scale mail (worn)
 c - a +0 buckler (worn)
Jewellery
 f - a ring of magical power
Scrolls
 h - a scroll of fear {unknown}
 k - a scroll of teleportation
Potions
 d - 3 potions of might
 e - a potion of lignification {unknown}
 g - a potion of flight {unknown}
 j - a potion of attraction {unknown}


   Skills:
 + Level 4.7 Fighting
 + Level 4.3 Axes
 + Level 4.3 Armour
 + Level 4.3 Shields


You had 4 spell levels left.
You didn't know any spells.
Your spell library contained the following spells:

 Spells                   Type           Power      Damage    Failure   Level
 Freeze                   Ice            0%         1d3       69%         1
 Blink                    Tloc           0%         N/A       83%         2
 Frozen Ramparts          Ice            0%         1d2       96%         3
 Lesser Beckoning         Tloc           0%         N/A       96%         3
 Hailstorm                Conj/Ice       0%         3d3       100%        4
 Manifold Assault         Tloc           0%         N/A       100%        5


Dungeon Overview and Level Annotations

Branches:
Dungeon (4/15)
 Temple: D:4-7

Altars:
Qazlal

Annotations:
D:4 Blork the orc


Innate Abilities, Weirdness & Mutations

You are agile. (Dex +2)
Your mind is acute. (Int +2)
Your flesh is cold resistant. (rC+)
You expend magic power (3 MP) to strengthen your wands.


Message History

Blork the orc hits you with a +0 dire flail!
You are too injured to fight recklessly!
You are too injured to fight recklessly!
You are too injured to fight recklessly!
You are too injured to fight recklessly!
You are too injured to fight recklessly!
You are too injured to fight recklessly!
You are too injured to fight recklessly!
You are too injured to fight recklessly!
You are too injured to fight recklessly!
You are too injured to fight recklessly!
You are too injured to fight recklessly!
You are too injured to fight recklessly!
You are too injured to fight recklessly!
You are too injured to fight recklessly!
You are too injured to fight recklessly!
You are too injured to fight recklessly!
You slash Blork the orc!
Blork the orc is moderately wounded.
Blork the orc closely misses you.
You slash Blork the orc!
Blork the orc is severely wounded.
Blork the orc hits you with a +0 dire flail!
You barely miss Blork the orc.
Blork the orc is severely wounded.
Blork the orc hits you with a +0 dire flail.
You block Blork the orc's attack.
You hit Blork the orc.
Blork the orc is severely wounded.
Blork the orc barely misses you.
You barely miss Blork the orc.
Blork the orc is severely wounded.
Blork the orc hits you but does no damage.
You closely miss Blork the orc.
Blork the orc is severely wounded.
Blork the orc points at you and mumbles some strange words.
The magic dart hits you!
* * * LOW HITPOINT WARNING * * *
Blork the orc hits you with a +0 dire flail!
You die...

### #####.##
...... #.#..# #
#....## #.#
#.....# ..
#....######.
#.#####.#.........
#.o@....#.#######.
........#####.#
.##.###.# ##'## #
#.# ##...##
#.###.....##
#.##.......##
#.#....†....#
..+.........+
#.........#


You could see Blork the orc.

Vanquished Creatures
  An iguana (D:4)
  2 orc wizards (D:3)
  2 adders
  A worm (D:2)
  2 dart slugs (D:1)
  8 orcs (D:3)
  3 endoplasms
  5 giant cockroaches
  5 goblins
  4 hobgoblins
  3 jackals (D:3)
  3 quokkas
  6 ball pythons
  5 bats
  2 frilled lizards (D:3)
  8 kobolds
  4 rats
64 creatures vanquished.

Vanquished Creatures (others)
  A plant (D:3)
1 creature vanquished.

Grand Total: 65 creatures vanquished

Notes
Turn   | Place    | Note
-------+----------+-------------------------------------------
     0 | D:1      | leviel the Hill Orc Fighter began the quest for the Orb.
     0 | D:1      | Reached XP level 1. HP: 19/19 MP: 1/1
   115 | D:1      | Reached XP level 2. HP: 27/27 MP: 2/2
   815 | D:1      | Reached XP level 3. HP: 32/33 MP: 3/3
  1217 | D:2      | Found a faded altar of an unknown god.
  1505 | D:3      | Reached XP level 4. HP: 37/40 MP: 4/4
  1650 | D:3      | Gained mutation: Your mind is acute. (Int +2) [potion of
                  | mutation]
  1650 | D:3      | Gained mutation: You are agile. (Dex +2) [potion of
                  | mutation]
  1650 | D:3      | Gained mutation: You expend magic power (3 MP) to
                  | strengthen your wands. [potion of mutation]
  1650 | D:3      | Gained mutation: Your flesh is cold resistant. (rC+)
                  | [potion of mutation]
  2002 | D:3      | Found a stormy altar of Qazlal.
  2375 | D:3      | Reached XP level 5. HP: 35/47 MP: 5/5
  2950 | D:4      | Noticed Blork the orc
  2961 | D:4      | Slain by Blork the orc

Illustrated notes

Levels and vault maps discovered:
D:1:      lightli_arrival_statuegarden, layout_basic
D:2:      layout_basic, ebering_ecumenical_altar_hall
D:3:      layout_basic, lemuel_tele_altar, grunt_decor_junction,
          guppyfry_early_lair_pool
D:4:      layout_loops_corners, uniq_edmund, uniq_crazy_yiuf_cottage,
          uniq_blork_the_orc

Skill      XL: |  1  2  3  4 |
---------------+-------------+-----
Axes           | 3 4 |  4.3
Fighting       | 4 |  4.7
Armour         | 4 |  4.3
Shields        | 4 |  4.3

Action                   |  1- 3 |  4- 6 || total
-------------------------+-------+-------++-------
Melee: War axe           |    94 |   108 ||   202
  Use: Scroll            |       |     5 ||     5
       Potion            |       |     2 ||     2
Armor: Scale mail        |    48 |    59 ||   107
Dodge: Dodged            |    48 |    48 ||    96
Block: Buckler           |    21 |    14 ||    35

Table legend: (Time is in decaauts)
 A = Elapsed time spent in this place.
 B = Non-inter-level travel time spent in this place.
 C = Inter-level travel time spent in this place.
 D = Time resting spent in this place.
 E = Time spent auto-exploring this place.
 F = Levels seen in this place.
 G = Mean time per level.
                   A        B        C        D        E       F      G
               +--------+--------+--------+--------+--------+-----+--------+
         Total |   3031 |   2946 |     85 |      0 |   2453 |   4 |  757.8 |
       Dungeon |   3031 |   2946 |     85 |      0 |   2453 |   4 |  757.8 |
               +--------+--------+--------+--------+--------+-----+--------+

Top non-repeatable levels by time:
     D:3: 1477 daAuts
     D:1: 864 daAuts
     D:2: 606 daAuts
     D:4: 83 daAuts
